 Dungeon Crawl Stone Soup version 0.31-a0-1-g4198be8af4 (webtiles) character file.

Game seed: 17190508646731799432

56 themarg the Caller (level 3, -1/24 HPs)
             Began as a Merfolk Summoner on May 2, 2023.
             Slain by Pargi (6 damage)
             ... in a sewer.
             The game lasted 00:08:14 (2567 turns).

themarg the Caller (Merfolk Summoner)               Turns: 2567, Time: 00:08:15

Health: -1/24      AC:  3    Str:  8    XL:     3   Next: 95%
Magic:  1/6        EV: 15    Int: 16    God:
Gold:   113        SH:  0    Dex: 14    Spells: 0/6 levels left

rFire   . . .        s - +0 trident
rCold   + . .        (no shield)
rNeg    + . .        a - +0 robe
rPois   .            l - +0 helmet
rElec   .            (no cloak)
rCorr   .            (no gloves)
SInv    .            p - melded +0 pair of boots
Will    .....        (no amulet)
Stlth   +++          n - ring of protection from cold
HPRegen 0.24/turn    o - ring of positive energy
MPRegen 0.10/turn

%: no passive effects
@: very quick
A: nimble swimmer 2, mertail
a: no special abilities


You were in a sewer.
You visited 1 branch of the dungeon, and saw 3 of its levels.
You also visited: Sewer.

You collected 113 gold pieces.

Inventory:

Hand Weapons
 s - a +0 trident (weapon)
Missiles
 f - 26 stones
 m - 2 boomerangs
Armour
 a - a +0 robe (worn)
 l - a +0 helmet (worn)
 p - a +0 pair of boots (melded)
Jewellery
 n - a ring of protection from cold (left hand)
 o - a ring of positive energy (right hand)
Scrolls
 c - a scroll of fear {unknown}
 d - a scroll of identify {unknown}
 i - a scroll of fog {unknown}
 k - a scroll of immolation {unknown}
 q - a scroll of blinking {unknown}
Potions
 b - a potion of magic
 e - a potion of lignification {unknown}
 g - a potion of invisibility {unknown}
 j - a potion of berserk rage {unknown}
 r - 2 potions of curing {unknown}


   Skills:
 - Level 2.6 Dodging
 + Level 2.8 Stealth
 - Level 2.0 Spellcasting
 + Level 5.2 Summonings


You couldn't memorise any spells.
You knew the following spells:

 Your Spells              Type           Power      Damage    Failure   Level
a - Summon Small Mammal   Summ           72%        N/A       2%          1
b - Call Imp              Summ           36%        N/A       3%          2
c - Call Canine Familiar  Summ           18%        N/A       8%          3

Your spell library contained the following spells:

 Spells                   Type           Power      Damage    Failure   Level
 Summon Guardian Golem    Hex/Summ       9%         N/A       22%         3
 Summon Lightning Spire   Summ/Air       9%         N/A       56%         4


Dungeon Overview and Level Annotations

Branches:
Dungeon (3/15)              Sewer (1/1)

Altars:

Annotations:
D:3 3 exclusions Sewer Pargi


Innate Abilities, Weirdness & Mutations

You are very nimble when in or above water. (Stealth+, EV+, Speed+++)
Your lower body shifts to a powerful aquatic tail in water.


Message History

Pargi is heavily wounded.
Pargi barely misses you. x2; Pargi closely misses you. x2
Pargi claws you but does no damage. Pargi barely misses you.
You closely miss Pargi.
Pargi is heavily wounded.
Pargi bites you. Pargi misses you. Pargi closely misses you.
A tiny devil pulls itself out of the air.
Pargi barely misses you. Pargi closely misses you. Pargi claws you.
You barely miss Pargi.
Your tail-slap misses Pargi.
Pargi is heavily wounded.
Pargi closely misses you. Pargi claws you but does no damage. Pargi misses you.
Your cerulean imp closely misses Pargi.
You puncture Pargi!
Your tail-slap misses Pargi.
Pargi is severely wounded.
Pargi misses you. Pargi barely misses you. Pargi closely misses you.
Your cerulean imp misses Pargi.
Pargi misses you. Pargi barely misses you. Pargi claws you but does no damage.
You closely miss Pargi.
Pargi is heavily wounded.
Your cerulean imp misses Pargi.
Pargi bites you. Pargi barely misses you. Pargi claws you but does no damage.
You barely miss Pargi. You tail-slap Pargi, but do no damage.
Pargi is heavily wounded.
Your cerulean imp hits Pargi from afar with a -3 spear.
Pargi bites you but does no damage. Pargi claws you. x2
Your cerulean imp closely misses Pargi.
You puncture Pargi!
Pargi is almost dead.
Pargi bites you but does no damage. Pargi claws you.
* * * LOW HITPOINT WARNING * * *
Pargi closely misses you.
Your cerulean imp hits Pargi from afar with a -3 spear.
Pargi bites you.
* * * LOW HITPOINT WARNING * * *
Pargi claws you but does no damage. Pargi misses you.
You hit Pargi.
Pargi is almost dead.
Your cerulean imp hits Pargi but does no damage.
Pargi bites you.
You die...

#..'.~≈~.)..#
####.~≈~.####
####.~≈~.####
#..).~≈~.'..#
####.~≈~.####
####.~≈~.####
#..'..∩....∩#
####.T≈5.####
####.@≈~.#
#..'.~≈~.+
####.~≈~.#
####.~≈~.####
#..'.~≈~.'..#
####.~≈~.####
#.~≈~.#
+.~≈~.+
#######


You could see Pargi (ally target) and a friendly cerulean imp (summoned).

Vanquished Creatures
  An adder (D:3)
  3 giant cockroaches
  2 goblins
  2 kobolds (Sewer)
  A quokka (D:2)
  A frilled lizard (D:3)
  A rat (D:2)
11 creatures vanquished.

Vanquished Creatures (collateral kills)
  3 ball pythons (D:1)
  2 bats
  2 endoplasms (D:1)
  3 giant cockroaches
  6 goblins (D:1)
  4 hobgoblins
  A kobold (D:1)
  2 quokkas
  3 frilled lizards
  A rat (D:2)
27 creatures vanquished.

Grand Total: 38 creatures vanquished

Notes
Turn   | Place    | Note
-------+----------+-------------------------------------------
     0 | D:1      | themarg the Merfolk Summoner began the quest for the Orb.
     0 | D:1      | Reached XP level 1. HP: 13/13 MP: 3/3
   242 | D:1      | Reached XP level 2. HP: 19/19 MP: 3/5
   245 | D:1      | Learned a level 2 spell: Call Imp
   810 | D:1      | Reached XP level 3. HP: 24/24 MP: 1/6
   814 | D:1      | Learned a level 3 spell: Call Canine Familiar
  1033 | D:2      | Reached skill level 5 in Summonings
  1619 | D:2      | Found a faded altar of an unknown god.
  2280 | D:3      | Found a glowing drain.
  2285 | Sewer    | Entered a sewer
  2385 | Sewer    | Noticed Pargi
  2567 | Sewer    | Slain by Pargi

Illustrated notes

Levels and vault maps discovered:
D:1:      dpeg_arrival_pits, layout_basic
D:2:      layout_basic, hellmonk_ecumenical_altar_arch_garden,
          kennysheep_generic_room_11
D:3:      layout_basic, old_standard_altar, gup_sewer_entry_pipe,
          glass_columns_b, dreamdust_princess_corridor
Sewer:    kennysheep_door_sewer

Skill      XL: |  1  2  3 |
---------------+----------+-----
Summonings     | 5 |  5.2
Dodging        | |  2.6
Stealth        | |  2.8
Spellcasting   | |  2.0

Action                     || total
---------------------------++-------
  Melee: Club              ||     3
         Unarmed           ||     3
         Dagger            ||    37
         Trident           ||    58
         Tailslap          ||     3
         Punch             ||     1
   Cast: Summon Small Mamm ||    47
         Call Imp          ||    18
         Call Canine Famil ||     4
   Stab: Sleeping          ||     3
 Armour: Robe              ||    33
  Dodge: Dodged            ||    98

Table legend: (Time is in decaauts)
 A = Elapsed time spent in this place.
 B = Non-inter-level travel time spent in this place.
 C = Inter-level travel time spent in this place.
 D = Time resting spent in this place.
 E = Time spent auto-exploring this place.
 F = Levels seen in this place.
 G = Mean time per level.
                   A        B        C        D        E       F      G
               +--------+--------+--------+--------+--------+-----+--------+
         Total |   2562 |   2462 |    100 |    193 |   1583 |   4 |  640.5 |
       Dungeon |   2286 |   2186 |    100 |    134 |   1583 |   3 |  762.0 |
         Sewer |    276 |    276 |      0 |     59 |      0 |   1 |  276.0 |
               +--------+--------+--------+--------+--------+-----+--------+

Top non-repeatable levels by time:
     D:2: 1059 daAuts
     D:1: 1001 daAuts
   Sewer: 276 daAuts
     D:3: 224 daAuts
